 Dungeon Crawl Stone Soup version 0.14.1-9-g552248a (webtiles) character file.

221 Kae the Firebug (level 5, -2/28 HPs)
             Began as a Tengu Fire Elementalist on May 22, 2014.
             Slain by a centaur (5 damage)
             ... on Level 3 of the Dungeon.
             The game lasted 00:03:33 (2896 turns).

Kae the Firebug (Tengu Fire Elementalist)           Turns: 2896, Time: 00:03:33

HP  -2/28        AC  2     Str  9      XL: 5   Next: 20%
MP   8/11        EV 12     Int 16      God:
Gold 84          SH  0     Dex 14      Spells:  1 memorised,  8 levels left

rFire  . . .     SeeInvis .     (no weapon)
rCold  . . .     Clarity  .     a - +0 robe
rNeg   . . .     Conserve .     (no shield)
rPois  .         rCorr    .     (helmet restricted)
rElec  .         rRot     .     (no cloak)
SustAb . .       Spirit   .     (no gloves)
rMut   .         Warding  .     (boots unavailable)
Saprov . . .     Stasis   .     (no amulet)
MR     .....                    (no ring)
                                k - cursed ring of hunger

@: not resistant to hostile enchantments, fairly stealthy
A: able to fly, beak, talons 3
a: Fly


You were on level 3 of the Dungeon.
You were not hungry.

You visited 1 branch of the dungeon, and saw 3 of its levels.

You collected 84 gold pieces.

Inventory:

Armour
 a - a +0 robe (worn)
Magical devices
 i - a wand of random effects (18) {unknown}
 o - a wand of teleportation (1) {unknown}
Comestibles
 c - 6 bread rations
 f - a choko
 j - a meat ration
 m - a chunk of quokka flesh
 p - a chunk of human flesh
Jewellery
 g - an uncursed amulet of faith
 k - a cursed ring of hunger (left hand)
Potions
 d - 3 potions of curing
 e - a potion of restore abilities {unknown}
 l - a potion of heal wounds {unknown}
Books
 b - a book of Flames

   Spells                             Type                      Level
   *Flame Tongue                      Conjuration/Fire             1
   Throw Flame                        Conjuration/Fire             2
   Conjure Flame                      Conjuration/Fire             3
   Inner Flame                        Hexes/Fire                   3
   Sticky Flame                       Conjuration/Fire             4
   Fireball                           Conjuration/Fire             5


   Skills:
 - Level 2.1 Dodging
 - Level 2.0 Stealth
 + Level 2.7 Spellcasting
 * Level 3.8 Conjurations
 * Level 4.8 Fire Magic


You had 8 spell levels left.
You knew the following spells:

 Your Spells              Type           Power        Failure   Level  Hunger
a - Flame Tongue          Conj/Fire      ###..        3%          1    #......


Dungeon Overview and Level Annotations

Branches:
Dungeon (3/15)

Altars:


Innate Abilities, Weirdness & Mutations

You can fly.
You have a beak for a mouth.
You have claws for feet.


Message History

* * * LOW HITPOINT WARNING * * *
The centaur closely misses you.
Casting: Flame Tongue
Confirm with . or Enter, or press ? or * to list all spells.
Aiming: Flame Tongue
Press: ? - help, Shift-Dir - straight line, f/p - centaur
Aim: a centaur (moderately wounded)
The flame tongue hits the centaur.
The centaur is severely wounded.
The centaur hits you.
* * * LOW HITPOINT WARNING * * *
Casting: Flame Tongue
Confirm with . or Enter, or press ? or * to list all spells.
Aiming: Flame Tongue
Press: ? - help, Shift-Dir - straight line, f/p - centaur
Aim: a centaur (severely wounded)
The flame tongue hits the centaur.
The centaur is almost dead.
The centaur hits you.
You die...

###
...######
#.. # #.#
#### #.#
#... #.#
#.## #.###
#.#
###...##
#######.#
#.c....#
#.....#.#
#@((.#
#.....#.##
##.#$#
#..#....##
# #..#.#
#.....####
#.#.##.#
#.....# #
#.#.##.#
####### #
#......# #
###.#######
# #.......#
# #.#####.#
#


You could see a centaur.

Vanquished Creatures
  Terence (D:3)
  4 adders
  A gnoll (D:1)
  A worm (D:2)
  4 orcs (D:3)
  2 ball pythons
  4 giant cockroaches
  3 goblins
  7 hobgoblins
  10 kobolds
  4 quokkas
  12 bats
  2 giant geckos
  3 giant newts
  12 rats
70 creatures vanquished.

Notes
Turn   | Place    | Note
--------------------------------------------------------------
     0 | D:1      | Kae, the Tengu Fire Elementalist, began the quest for the Orb.
     0 | D:1      | Reached XP level 1. HP: 10/10 MP: 3/3
   244 | D:1      | Reached XP level 2. HP: 13/15 MP: 0/5
   368 | D:1      | Reached XP level 3. HP: 17/19 MP: 7/7
   646 | D:1      | Reached skill level 4 in Fire Magic
  1186 | D:2      | Reached XP level 4. HP: 18/24 MP: 0/9
  2332 | D:3      | Reached XP level 5. HP: 22/28 MP: 2/11
  2732 | D:3      | Noticed Terence
  2739 | D:3      | Killed Terence
  2890 | D:3      | Noticed a centaur
  2896 | D:3      | Slain by a centaur

Action                   |  1- 3 |  4- 6 || total
-------------------------+-------+-------++-------
Melee: Short sword       |    61 |    36 ||    97
       Unarmed           |       |    22 ||    22
 Cast: Flame Tongue      |    28 |    44 ||    72
  Use: Scroll            |       |     4 ||     4
 Stab: Sleeping          |     4 |     6 ||    10
